 Dungeon Crawl Stone Soup version 0.27.1-3-gb3d3a73c9e (webtiles) character file.

Game seed: 380531971072503295

84 Crownlay the Slasher (level 4, 0/41 HPs)
             Began as a Minotaur Berserker on Oct 23, 2021.
             Was a Believer of Trog.
             Engulfed by a cloud of flame (14 damage)
             ... on level 3 of the Dungeon.
             The game lasted 00:02:18 (2291 turns).

Crownlay the Slasher (Minotaur Berserker)           Turns: 2291, Time: 00:02:19

Health: 0/41       AC:  8    Str: 22    XL:     4   Next: 24%
Magic:  3/3        EV: 10    Int:  4    God:    Trog [**....]
Gold:   73         SH:  0    Dex: 10    Spells: 3/3 levels left

rFire    . . .     SeeInvis .   a - +0 falchion
rCold    + . .     Faith    .   (no shield)
rNeg     . . .     Spirit   .   e - +2 scale mail {rC+}
rPois    .         Reflect  .   (helmet restricted)
rElec    .         Harm     .   (no cloak)
rCorr    .         Rampage  .   (no gloves)
Will     .....                  (no boots)
Stlth    ..........             (no amulet)
HPRegen  0.13/turn              (no ring)
MPRegen  0.08/turn              (no ring)

@: confused
A: horns 2, retaliatory headbutt
a: Renounce Religion, Berserk, Trog's Hand


You were on level 3 of the Dungeon.
You worshipped Trog.
Trog was pleased with you.
You visited 1 branch of the dungeon, and saw 3 of its levels.

You collected 73 gold pieces.

Inventory:

Hand Weapons
 a - a +0 falchion (weapon)
Armour
 e - a +2 scale mail of cold resistance (worn)
Wands
 i - a wand of flame (19)
Scrolls
 d - a scroll of summoning {unknown}
Potions
 c - 2 potions of heal wounds {unknown}
 f - a potion of attraction {unknown}
 g - 2 potions of curing {unknown}
 h - 2 potions of mutation {unknown}


   Skills:
 + Level 4.5 Fighting
 * Level 5.5 Long Blades
 - Level 2.4 Armour
 - Level 2.1 Dodging


You had 3 spell levels left.
You didn't know any spells.
Your spell library was empty.

Dungeon Overview and Level Annotations

Branches:
Dungeon (3/15)

Altars:

Annotations:
D:3 1 runed translucent door


Innate Abilities, Weirdness & Mutations

You have a pair of horns on your head.
You reflexively headbutt those who attack you in melee.


Message History

There is a stone staircase leading down here.
You climb downwards.
You hear the sound of rushing water.
There is an entrance to a sewer on this level.
Hurry and find it before the portal rusts away!
The orc shouts!
The hobgoblin shouts!
There is a stone staircase leading up here.
As you read the scroll labelled ZOFOEC MOUH, it crumbles to dust.
The creatures around you are filled with an inner flame!
It was a scroll of immolation.
An orc comes into view. It is wielding a +0 club.
An orc wizard comes into view. It is wielding a +0 dagger.
The orc wizard shouts!
A kobold comes into view. It is wielding a +0 dagger.
The kobold shouts!
The kobold moves out of view.
A rat comes into view.
Found a runed translucent door.
The orc wizard casts a spell.
The orc wizard flickers and vanishes!
Deactivating autopickup; reactivate with Ctrl-A.
The orc hits you but does no damage.
You hit the rat.
Flame seeps out of the rat.
The rat is heavily wounded.
The rat is engulfed in blazing flames.
Trog accepts your kill.
The rat explodes!
The fiery explosion engulfs you!!
The fiery explosion engulfs the hobgoblin!
Trog accepts your kill.
The hobgoblin explodes!
The orc hits you with a +0 club.
You hear an angry hiss.
You hit the orc. You headbutt the orc, but do no damage.
The orc is lightly wounded.
You are engulfed in blazing flames.
You hear some strange, mumbled words.
You are confused.
The orc closely misses you.
You are engulfed in blazing flames.
You die...

##......# .......
####......
≈≈#.......##
≈≈+.........
≈w#.....#..#
###.....##.##
......o.##..#####.#.
......K.@.§.........
#.....r{###§.####.##
#...........<...g...
#.......###...###.##
........# #.#.#
..#.....# #.#.#
..#.....# #.#..
#..... #.##.# .. ..


You could see a worm, an orc, a kobold and a rat.

Vanquished Creatures
  A bullfrog skeleton (D:2)
  An adder (D:2)
  A dart slug (D:1)
  4 ball pythons
  3 endoplasms (D:2)
  5 giant cockroaches
  7 hobgoblins
  5 kobolds
  A quokka (D:2)
  3 bats
  4 frilled lizards (D:2)
  3 goblins
  5 rats
43 creatures vanquished.

Notes
Turn   | Place    | Note
-------+----------+-------------------------------------------
     0 | D:1      | Crownlay the Minotaur Berserker began the quest for the
                  | Orb.
     0 | D:1      | Reached XP level 1. HP: 19/19 MP: 0/0
   264 | D:1      | Reached skill level 4 in Long Blades
   362 | D:1      | Reached XP level 2. HP: 27/27 MP: 1/1
  1147 | D:2      | Reached XP level 3. HP: 12/33 MP: 2/2
  1410 | D:2      | Reached ** piety under Trog
  1666 | D:2      | Found a faded altar of an unknown god.
  1668 | D:2      | Noticed a floating eye
  1669 | D:2      | Noticed a shining eye
  1670 | D:2      | Noticed a great orb of eyes
  1670 | D:2      | Noticed an eye of devastation
  1767 | D:2      | Reached skill level 5 in Long Blades
  1931 | D:2      | Reached XP level 4. HP: 38/41 MP: 3/3
  2286 | D:3      | Found a runed translucent door.
  2291 | D:3      | Engulfed by a cloud of flame

Illustrated notes

Levels and vault maps discovered:
D:1:      dpeg_cavernosity, layout_basic, hangedman_abyss_or_decor_lesser_grid,
          chequers_decorated_corner, minmay_misc_feat_iff, minivault_26
D:2:      minmay_recursive_quarters, layout_basic,
          hellmonk_ecumenical_altar_watching_god
D:3:      layout_basic, nicolae_qazlal_scattered_showers, fedhas_altar_3,
          ebering_ghost_sewer_f, portal_sewer_entry_a, serial_park_tiny_1,
          feat_on_display

Skill      XL: |  1  2  3 |
---------------+----------+-----
Long Blades    | 4 5 |  5.5
Fighting       | 4 |  4.5
Armour         | |  2.4
Dodging        | |  2.1

Action                   |  1- 3 |  4- 6 || total
-------------------------+-------+-------++-------
Melee: Falchion          |    79 |     2 ||    81
       Headbutt          |    12 |     1 ||    13
  Use: Scroll            |       |     1 ||     1
Armor: Scale mail        |    32 |     1 ||    33
Dodge: Dodged            |    46 |     1 ||    47
       Rpst.: Falchion   |    18 |       ||    18
